Map: Chantier naval orbital

Players

imbAllard

  • Race: Zerg Zerg
  • League: Master

Kinder - Winner!

  • Race: Terran Terran
  • League: Master

VOD

Have the link to the VOD?

Description

Time

  • Played on: March 11, 2016, 2:27 p.m.
  • Length: 7:51
Show
View Real Time Build Order
Export as new Build Order

imbAllard Zerg 

Build Orders: Hatch First 

Get SALT Encoding   

  12  0:00  Drone  
  13  0:08  Drone  
  14  0:17  Overlord  
  14  0:23  Extractor  
  14  0:24  Drone  
  15  0:35  Drone  
  15  0:36  Drone  
  17  0:52  Hatchery  
  17  0:55  Drone  
  17  0:59  Drone  
  18  1:05  Extractor  
  18  1:09  Drone  
  18  1:19  Spawning Pool  
  18  1:22  Drone  
  18  1:27  Drone  
  19  1:38  Overlord  
  19  1:51  Drone  
  20  2:09  Metabolic Boost  
  20  2:10  Queen x2  
  20  2:11  Zergling x4  
  20  2:13  Drone  
  27  2:20  Drone  
  28  2:23  Drone  
  28  2:44  Overlord  
  28  2:45  Queen x2  
  28  2:46  Drone x3  
  35  3:02  Drone  
  35  3:03  Drone x2  
  35  3:04  Overlord  
  38  3:11  Drone  
  38  3:14  Drone  
  38  3:18  Drone x3  
  42  3:20  Zergling x2  
  42  3:22  Overlord x2  
  42  3:24  Zergling x2  
  44  3:47  Extractor  
  43  3:54  Hatchery  
  43  3:58  Drone  
  43  3:59  Drone x10, Extractor  
  43  4:00  Extractor  
  52  4:05  Roach Warren  
  52  4:09  Overlord  
  51  4:15  Drone x2  
  51  4:16  Extractor  
  52  4:21  Evolution Chamber, Drone  
  52  4:22  Evolution Chamber  
  51  4:28  Drone x4  
  54  4:43  Overlord  
  54  4:44  Lair  
  58  4:52  Roach  
  58  4:53  Roach x4  
  64  5:08  Zerg Ground Armor Level 1, Zerg Melee Weapons Level 1  
  64  5:09  Drone x7  
  67  5:34  Drone x4  
  67  5:35  Drone x3  
  74  5:36  Drone x3  
  77  5:46  Spire  
  77  5:47  Extractor  
  73  5:53  Ravager x2  
  73  5:54  Ravager  
  73  5:55  Drone x6  
  73  6:19  Roach x4  
  73  6:21  Zergling x2  
  82  6:29  Overlord x3  
  82  6:30  Drone x2, Overlord x2  
  72  6:58  Roach x4  
  77  7:01  Mutalisk  
  77  7:02  Mutalisk x5  
  89  7:15  Mutalisk x2  
  89  7:22  Zergling x12  
Show
View Real Time Build Order
Export as new Build Order

Kinder Terran - Winner!

Build Orders: Reaper Expand 

Get SALT Encoding   

  12  0:01  SCV  
  13  0:13  SCV  
  14  0:18  Supply Depot  
  14  0:25  SCV  
  15  0:34  Refinery  
  15  0:39  SCV  
  16  0:45  Barracks  
  16  0:51  SCV  
  17  1:04  SCV  
  18  1:16  SCV  
  19  1:33  Orbital Command  
  19  1:34  Reaper  
  20  1:46  Command Center  
  20  2:01  SCV  
  21  2:04  Factory  
  21  2:16  Supply Depot  
  21  2:17  Barracks Reactor  
  21  2:20  SCV  
  22  2:28  Refinery  
  22  2:32  SCV  
  23  2:44  SCV  
  23  2:49  Factory Tech Lab  
  24  2:55  Marine x2  
  24  2:56  SCV  
  24  2:58  Starport  
  27  3:01  Orbital Command  
  27  3:13  SCV  
  27  3:17  Marine x2  
  27  3:19  Siege Tank  
  33  3:26  SCV  
  34  3:30  SCV  
  35  3:38  SCV, Medivac  
  38  3:46  SCV  
  38  3:47  Marine x2  
  41  3:50  SCV  
  41  3:51  Supply Depot  
  41  3:58  SCV, Barracks  
  41  4:00  Barracks  
  42  4:03  Siege Tank  
  42  4:07  SCV  
  46  4:12  Marine x2  
  46  4:14  SCV  
  49  4:20  Medivac  
  49  4:21  SCV  
  49  4:23  Supply Depot  
  52  4:28  SCV  
  53  4:40  Command Center  
  53  4:41  Marine  
  53  4:45  Marine, Supply Depot  
  55  4:46  Barracks Tech Lab  
  55  4:49  Barracks Reactor  
  55  4:51  SCV  
  56  4:58  SCV  
  57  5:05  SCV  
  57  5:06  Marine x2  
  60  5:08  Stimpack  
  60  5:09  Marine  
  60  5:11  SCV  
  62  5:14  Starport Reactor  
  62  5:17  SCV  
  63  5:21  Refinery  
  63  5:22  Refinery  
  63  5:23  SCV, Marine  
  65  5:29  SCV  
  65  5:30  Marine x2  
  65  5:35  SCV  
  69  5:41  Marine  
  70  5:44  Supply Depot  
  70  5:46  Marine x2, Siege Tank, SCV  
  70  5:47  SCV  
  77  5:51  Marine  
  77  5:52  Marine  
  77  5:56  Supply Depot  
  79  5:58  SCV, Engineering Bay  
  79  5:59  SCV  
  81  6:04  Marauder  
  81  6:09  Marine x2  
  81  6:10  SCV  
  86  6:11  SCV  
  86  6:16  Marine  
  86  6:18  Siege Tank, Medivac  
  90  6:22  SCV  
  90  6:23  SCV  
  95  6:26  Marauder  
  95  6:29  Marine x2  
  99  6:35  SCV x2  
  101  6:47  SCV x2, Marauder, Medivac  
  104  6:48  Medivac  
  104  6:51  Supply Depot  
  104  6:52  Supply Depot  
  109  7:10  Marine x4, SCV x2  
  109  7:11  Marauder  
  117  7:17  Orbital Command, Medivac  
  119  7:23  SCV x2  
  119  7:28  Marine  
  119  7:30  Marine x3  
  119  7:35  SCV x2  
Tags
 
Add a new tag
Caveats
  • Supply blocks, unpowered buildings, or Contaminate may cause inaccurate times.
  • Supply counts are checked every 10 seconds.